Unix NetHack Version 5.0.0-0 post-release - last build Jul 14 2026 02:55:29 (1809b74e8187c3a3585e283601c3028b46cbbdcb,branch:main).

Game began 2026-07-16 01:26:01, ended 2026-07-16 01:34:56.

Jinnora, lawful female human Archeologist

           -.------------.-
           |......f.......|
           |......@.......|
           |........{.....|
           |...............
           ----------------

Jinnora the Field Worker   St:15 Dx:10 Co:9 In:18 Wi:14 Ch:10  Lawful
Dlvl:4  $:30 HP:29(29) Pw:19(19) AC:9  Xp:4/95 T:1472 

Latest messages:
 The door resists!
 In what direction? 6
 The door opens.
 You see here a large box.
 You decipher the label on your scroll labeled FNORD.
 z - a scroll of enchant armor.
 What do you want to wear? [*] 3
 No count allowed with this command.
 What do you want to wear? [*] <esc>
 Never mind.
 The kitten bites the floating eye.
 You kill the lichen!
 Welcome to experience level 4.
 You swap places with your kitten.
 You see here a scroll labeled KERNOD WEL.
 You decipher the label on your scroll labeled KERNOD WEL.
 A - a scroll of amnesia.
 You swap places with your kitten.
 There's some graffiti on the floor here.
 You read: "[?g fo? Victorv ?ere".
 You hear someone counting gold coins.
 The garter snake bites!
 You kill the garter snake!
 You see here a statue of a hobbit.
 There's some graffiti on the floor here.
 You read: "Well (ome".
 You miss the red mold.
 You lash the red mold.
 You are suddenly very hot!
 You kill the red mold!
 Your bullwhip smoulders!
 e - an uncursed +0 pick-axe (weapon in left hand).
 a - an uncursed burnt +2 bullwhip (alternate weapon; not wielded).
 You kill the red mold!
 You see here a red mold corpse.
 There is a red mold corpse here; eat it? [ynq] (n) y
 This red mold corpse tastes okay.
 You finish eating the red mold corpse.
 You stop.  Your kitten is in the way!
 Where do you want to travel to?
 (For instructions type a '?')
 You hit the green mold.
 You hear someone cursing shoplifters.
 You kill the green mold!
 Your pick-axe corrodes!
 Where do you want to travel to?
 (For instructions type a '?')
 You descend the stairs.
 Really quit without saving? [yn] (n) y
 Do you want your possessions identified? [ynq] (y) q

Inventory:
 Coins    ('$')
  $ - 30 gold pieces
 Weapons  (')')
  n - 4 cursed +0 arrows
  t - 2 uncursed +0 elven arrows (in quiver)
  u - 3 uncursed +0 darts
  a - an uncursed burnt +2 bullwhip (alternate weapon; not wielded)
 Armor    ('[')
  c - an uncursed +0 fedora (being worn)
  j - an uncursed +0 orcish helm
  r - a cursed +0 orcish helm
  b - an uncursed +0 leather jacket (being worn)
 Comestibles  ('%')
  i - an uncursed cram ration
  o - 2 uncursed cream pies
  d - 4 uncursed food rations
  k - 2 uncursed lichen corpses
 Scrolls  ('?')
  A - an uncursed scroll of amnesia
  z - a blessed scroll of enchant armor
 Spellbooks  ('+')
  m - a blessed spellbook of haste self
 Potions  ('!')
  w - an uncursed potion of confusion
  s - an uncursed potion of paralysis
 Tools    ('(')
  h - an empty uncursed sack
  e - an uncursed corroded +0 pick-axe (weapon in left hand)
  f - an uncursed tinning kit (0:47)
 Gems/Stones  ('*')
  x - an uncursed worthless piece of orange glass
  p - a cursed worthless piece of orange glass
  y - an uncursed worthless piece of red glass
  q - an uncursed worthless piece of violet glass
  g - an uncursed touchstone

Jinnora the Archeologist's attributes:

Background:
 You were a Field Worker, a level 4 female human Archeologist.
 You were lawful, on a mission for Quetzalcoatl
 who was opposed by Camaxtli (neutral) and Huhetotl (chaotic).
 You were left-handed.
 You were in the Dungeons of Doom, on level 4.
 You entered the dungeon 1472 turns ago.
 It was nighttime.
 There was a new moon in effect when your adventure ended.
 You had 95 experience points, 65 more were needed to attain level 5.

Basics:
 You had all 29 hit points.
 You had all 19 energy points (spell power).
 Your armor class was 9.
 Your wallet contained 30 zorkmids.
 Autopickup was off.

Final Characteristics:
 Your strength was 15 (limit:18/100).
 Your dexterity was 10 (limit:18).
 Your constitution was 9 (limit:18).
 Your intelligence was 18 (limit:18).
 Your wisdom was 14 (limit:18).
 Your charisma was 10 (limit:18).

Final Status:
 You weren't hungry.
 You were unencumbered.
 You were wielding a pick-axe.
 You had basic skill with pick-axe.

Final Attributes:
 You were devoutly aligned.
 You had automatic searching.
 You were lucky.
 You survived.

Miscellaneous:
 You didn't encounter any bones levels.
 Total elapsed playing time was 8 minutes and 54 seconds.

Major events:
 Turn
    1: Jinnora the lawful female human Archeologist entered the dungeon
  616: attained the rank of Field Worker (level 3)
 1472: quit

Spells:
 Name                 Level Category     Fail Retention
 haste self             3   escape        92%  76%-100%

Skills:
 Fighting Skills
   bare handed combat [Unskilled]
   two weapon combat  [Unskilled]
   riding             [Unskilled]
 Weapon Skills
   dagger             [Unskilled]
   knife              [Unskilled]
   pick-axe           [Basic]
   short sword        [Unskilled]
   saber              [Unskilled]
   club               [Unskilled]
   quarterstaff       [Unskilled]
   sling              [Unskilled]
   dart               [Unskilled]
   boomerang          [Unskilled]
   whip               [Basic]
   unicorn horn       [Unskilled]
 Spellcasting Skills
   attack spells      [Unskilled]
   healing spells     [Unskilled]
   divination spells  [Unskilled]
   matter spells      [Unskilled]

Voluntary challenges:
 Character rerolling was not enabled.
 You never genocided any monsters.
 You never polymorphed an object.
 You never changed form.
 You used no wishes.
Achievements:
 You entered a shop.
 You attained the rank of Field Worker.

 The Dungeons of Doom: levels 1 to 4
    Level 1:
       Many altars, a fountain, a sink.
    Level 2:
       A general store, a fountain.
    Level 3:
       A sink.
    Level 4: <- You were here.
       A sink.


Vanquished creatures:
  a shrieker
  2 floating eyes
  a homunculus
  2 gas spores
  a yellow mold
  a green mold
  2 red molds
  2 garter snakes
  2 geckos
  2 jackals
  a kobold
  2 goblins
  a grid bug
  4 lichens
  3 kobold zombies
  5 newts
32 creatures vanquished.

No species were genocided or became extinct.

Goodbye Jinnora the Archeologist...

You quit in The Dungeons of Doom on dungeon level 4 with 560 points,
and 30 pieces of gold, after 1472 moves.
You were level 4 with a maximum of 29 hit points when you quit.

